| TOP OF THE 1ST |
|
Augusta GreenJackets batting - Pitching for Wisconsin Timber Rattlers : LHP Taek-hyun Kim
|
|
Pitching: LHP Taek-hyun Kim
|
|
|
Batting: RHB Mario Mendoza
|
0-0: Called Strike 0-1: Ball 1-1: Called Strike 1-2: Ball 2-2: Foul Ball, location: 2F 2-2: Foul Ball, location: 2F 2-2: Foul Ball, location: 2F 2-2: Ground out 4-3 (Groundball, 34D, EV 109.4 MPH)
|
|
Batting: RHB Ryan Bentz
|
0-0: Called Strike 0-1: Ball 1-1: Swinging Strike 1-2: Ball 2-2: Foul Ball, location: 2F 2-2: Ball 3-2: Foul Ball, location: 2F 3-2: Ground out 5-3 (Groundball, 5L, EV 83.8 MPH)
|
|
Batting: RHB Billy Pranger
|
0-0: Ball 1-0: Called Strike 1-1: Ball 2-1: Ball 3-1: Swinging Strike 3-2: Foul Ball, location: 2F 3-2: Fly out, F8 (Line Drive, 8LM, EV 95.0 MPH)
|
| Top of the 1st over - 0 runs, 0 hits, 0 errors, 0 left on base; Augusta 0 - Wisconsin 0 |
| BOTTOM OF THE 1ST |
|
Wisconsin Timber Rattlers batting - Pitching for Augusta GreenJackets : LHP Justin Tidwell
|
|
Pitching: LHP Justin Tidwell
|
|
|
Batting: RHB Chris Maul
|
0-0: Fly out, F8 (Flyball, 89M, EV 92.5 MPH)
|
|
Batting: SHB Robert Sayer
|
0-0: Called Strike 0-1: Foul Ball, location: 2F 0-2: Ball 1-2: Strikes out looking
|
|
Batting: SHB Justin Hensley
|
0-0: Foul Ball, location: 2F 0-1: Ball 1-1: Ball 2-1: Foul Ball, location: 2F 2-2: SOLO HOME RUN (Flyball, 9LD, EV 92.5 MPH), Distance : 343 ft
|
|
Batting: LHB Karel Hort
|
0-0: Ground out 5-3 (Groundball, 6M, EV 100.0 MPH)
|
| Bottom of the 1st over - 1 run, 1 hit, 0 errors, 0 left on base; Augusta 0 - Wisconsin 1 |
| TOP OF THE 2ND |
|
Augusta GreenJackets batting - Pitching for Wisconsin Timber Rattlers : LHP Taek-hyun Kim
|
|
Batting: RHB Tony Harper
|
0-0: Foul Ball, location: 2F 0-1: Fly out, F9 (Flyball, 9S, EV 77.5 MPH)
|
|
Batting: RHB Dave Perron
|
0-0: Swinging Strike 0-1: Foul Ball, location: 2F 0-2: Foul Ball, location: 2F 0-2: Foul Ball, location: 2F 0-2: Foul Ball, location: 2F 0-2: Ball 1-2: Foul Ball, location: 2F 1-2: SINGLE (Line Drive, 7S, EV 95.6 MPH)
|
|
Batting: RHB Ryan Roberts
|
0-0: Foul Ball, location: 2F 0-1: Ball 1-1: DOUBLE (Line Drive, 7LM, EV 107.5 MPH) Dave Perron to third
|
|
Batting: RHB Josh Truell
|
0-0: Ball 1-0: Ball 2-0: Ball 3-0: Foul Ball, location: 2F 3-1: Ground out 4-3 (Groundball, 4, EV 102.5 MPH) Dave Perron scores Ryan Roberts to third
|
|
Batting: RHB Mario Gomez
|
Balk! Ryan Roberts scores 0-0: Ball 1-0: Foul Ball, location: 2F 1-1: Ball 2-1: Foul Ball, location: 2F 2-2: Strikes out swinging
|
| Top of the 2nd over - 2 runs, 2 hits, 0 errors, 0 left on base; Augusta 2 - Wisconsin 1 |
| BOTTOM OF THE 2ND |
|
Wisconsin Timber Rattlers batting - Pitching for Augusta GreenJackets : LHP Justin Tidwell
|
|
Batting: RHB Alfredo Sena
|
0-0: Ball 1-0: Swinging Strike 1-1: Ball 2-1: Foul Ball, location: 2F 2-2: SINGLE (Groundball, 34D, EV 97.5 MPH)
|
|
Batting: LHB Mark Backstrom
|
0-0: Ball 1-0: Foul Ball, location: 2F 1-1: Ball 2-1: Ball 3-1: Base on Balls Alfredo Sena to second
|
|
Batting: RHB Dan Allred
|
0-0: Ball 1-0: Called Strike 1-1: Ball 2-1: Ball 3-1: Called Strike 3-2: Base on Balls Alfredo Sena to third Mark Backstrom to second
|
|
Batting: RHB Jonathan Sarles
|
0-0: Ball 1-0: Swinging Strike 1-1: Swinging Strike 1-2: Foul Ball, location: 2F 1-2: Fly out, F9 (Flyball, 9, EV 91.9 MPH)
|
|
Batting: RHB Michael Dickerson
|
0-0: Called Strike 0-1: Foul Ball, location: 2F 0-2: Ball 1-2: Ball 2-2: Foul Ball, location: 2F 2-2: Foul Ball, location: 2F 2-2: Fly out, F8 (Flyball, 78S, EV 88.8 MPH)
|
|
Batting: RHB Chris Maul
|
0-0: Foul Ball, location: 2F 0-1: Ball 1-1: Ball 2-1: Fly out, F8 (Line Drive, 89D, EV 87.5 MPH)
|
| Bottom of the 2nd over - 0 runs, 1 hit, 0 errors, 3 left on base; Augusta 2 - Wisconsin 1 |
| TOP OF THE 3RD |
|
Augusta GreenJackets batting - Pitching for Wisconsin Timber Rattlers : LHP Taek-hyun Kim
|
|
Batting: RHB Ed Broomhead
|
0-0: SINGLE (Groundball, 34D, EV 97.5 MPH)
|
|
Batting: RHB Mario Mendoza
|
0-0: Called Strike 0-1: Ball 1-1: Foul Ball, location: 2F 1-2: Ball 2-2: Ball 3-2: Base on Balls Ed Broomhead to second
|
|
Batting: RHB Ryan Bentz
|
0-0: Ball 1-0: Foul Ball, location: 2F 1-1: Called Strike 1-2: Ball 2-2: Ball 3-2: Base on Balls Ed Broomhead to third Mario Mendoza to second
|
|
Batting: RHB Billy Pranger
|
0-0: Ball 1-0: Foul Ball, location: 2F 1-1: Fly out, F8 (Flyball, 8LS, EV 89.4 MPH)
|
|
Batting: RHB Tony Harper
|
0-0: Ball 1-0: DOUBLE (Groundball, 5L, EV 101.9 MPH) Ed Broomhead scores Mario Mendoza scores Ryan Bentz to third
|
|
Batting: RHB Dave Perron
|
0-0: Ball 1-0: Ball 2-0: Fly out, F8 (Flyball, 8LD, EV 75.6 MPH) Runner from 3rd tags up, SCORES, no throw by CF
|
|
Batting: RHB Ryan Roberts
|
0-0: Ball 1-0: SINGLE (Flyball, 9S, EV 91.9 MPH) - OUT at second base trying to stretch hit. Tony Harper scores
|
| Top of the 3rd over - 4 runs, 3 hits, 0 errors, 0 left on base; Augusta 6 - Wisconsin 1 |
| BOTTOM OF THE 3RD |
|
Wisconsin Timber Rattlers batting - Pitching for Augusta GreenJackets : LHP Justin Tidwell
|
|
Batting: SHB Robert Sayer
|
0-0: SINGLE (Line Drive, 34D, EV 98.8 MPH)
|
|
Batting: SHB Justin Hensley
|
0-0: Ball 1-0: Ball 2-0: Called Strike 2-1: Called Strike 2-2: SINGLE (Flyball, 8RS, EV 92.5 MPH) Robert Sayer to second
|
|
Batting: LHB Karel Hort
|
0-0: Ball 1-0: Ball 2-0: Ball 3-0: Called Strike 3-1: SINGLE (Groundball, 34D, EV 106.2 MPH) Robert Sayer to third Justin Hensley to second Runner from 3rd tries for Home, SAFE, throw by RF to home
|
|
Batting: RHB Alfredo Sena
|
0-0: Called Strike 0-1: Fly out, F8 (Line Drive, 89M, EV 100.6 MPH)
|
|
Batting: LHB Mark Backstrom
|
0-0: Called Strike Justin Hensley steals 3rd base 0-1: Ball 1-1: Grounds into double play, 4-6-3 (Groundball, 34, EV 103.8 MPH)
|
| Bottom of the 3rd over - 1 run, 3 hits, 0 errors, 1 left on base; Augusta 6 - Wisconsin 2 |
| TOP OF THE 4TH |
|
Augusta GreenJackets batting - Pitching for Wisconsin Timber Rattlers : LHP Taek-hyun Kim
|
|
Pitching: RHP Jay Cowgill
|
|
|
Batting: RHB Josh Truell
|
0-0: Hit by Pitch
|
|
Batting: RHB Mario Gomez
|
0-0: Swinging Strike 0-1: Fly out, F9 (Flyball, 9S, EV 82.5 MPH)
|
|
Batting: RHB Ed Broomhead
|
0-0: Called Strike 0-1: Ball 1-1: Foul Ball, location: 2F 1-2: SINGLE (Line Drive, 5D, EV 99.4 MPH) Josh Truell to second
|
|
Batting: RHB Mario Mendoza
|
0-0: Ball Josh Truell steals 3rd, throwing error, E2 Josh Truell scores Ed Broomhead to third 1-0: Ball 2-0: Foul Ball, location: 2F 2-1: Ground out 6-3 (Groundball, 56, EV 81.2 MPH) Ed Broomhead scores
|
|
Batting: RHB Ryan Bentz
|
0-0: SINGLE (Line Drive, 5D, EV 104.4 MPH)
|
|
Batting: RHB Billy Pranger
|
0-0: Ground out 5-3 (Groundball, 25, EV 86.2 MPH)
|
| Top of the 4th over - 2 runs, 2 hits, 1 error, 1 left on base; Augusta 8 - Wisconsin 2 |
| BOTTOM OF THE 4TH |
|
Wisconsin Timber Rattlers batting - Pitching for Augusta GreenJackets : LHP Justin Tidwell
|
|
Batting: RHB Dan Allred
|
0-0: Ball 1-0: DOUBLE (Groundball, 5L, EV 109.4 MPH)
|
|
Batting: RHB Jonathan Sarles
|
0-0: Ball 1-0: Fly out, F8 (Line Drive, 89M, EV 97.5 MPH)
|
|
Batting: RHB Michael Dickerson
|
0-0: Called Strike 0-1: Foul Ball, location: 2F 0-2: Strikes out looking
|
|
Batting: RHB Chris Maul
|
0-0: Called Strike 0-1: Foul Ball, location: 2F 0-2: Ball 1-2: SINGLE (Flyball, 3D, EV 90.6 MPH) Dan Allred to third
|
|
Batting: SHB Robert Sayer
|
0-0: Hit by Pitch Chris Maul to second
|
|
Batting: SHB Justin Hensley
|
0-0: Foul Ball, location: 2F 0-1: Foul Ball, location: 2F 0-2: Fly out, F7 (Line Drive, 7, EV 91.9 MPH)
|
| Bottom of the 4th over - 0 runs, 2 hits, 0 errors, 3 left on base; Augusta 8 - Wisconsin 2 |
| TOP OF THE 5TH |
|
Augusta GreenJackets batting - Pitching for Wisconsin Timber Rattlers : RHP Jay Cowgill
|
|
Batting: RHB Tony Harper
|
0-0: SINGLE (Line Drive, 7S, EV 93.8 MPH)
|
|
Batting: RHB Dave Perron
|
0-0: Ball 1-0: Ball 2-0: Ball 3-0: Called Strike 3-1: Ground out 4-3 (Groundball, 34S, EV 87.5 MPH) Tony Harper to second
|
|
Batting: RHB Ryan Roberts
|
0-0: Ball 1-0: Ball 2-0: Swinging Strike 2-1: Foul Ball, location: 2F 2-2: Strikes out looking
|
|
Batting: RHB Josh Truell
|
0-0: Ball Wild Pitch! Tony Harper to third 1-0: Ground out 6-3 (Groundball, 6, EV 83.1 MPH)
|
| Top of the 5th over - 0 runs, 1 hit, 0 errors, 1 left on base; Augusta 8 - Wisconsin 2 |
| BOTTOM OF THE 5TH |
|
Wisconsin Timber Rattlers batting - Pitching for Augusta GreenJackets : LHP Justin Tidwell
|
|
Batting: LHB Karel Hort
|
0-0: DOUBLE (Line Drive, 8LXD, EV 115.0 MPH)
|
|
Batting: RHB Alfredo Sena
|
0-0: Called Strike 0-1: Ball 1-1: Called Strike 1-2: Ground out 5-3 (Groundball, 56, EV 88.1 MPH)
|
|
Batting: LHB Mark Backstrom
|
0-0: Foul Ball, location: 2F 0-1: Swinging Strike 0-2: Ground out U3 (Groundball, 3L, EV 79.4 MPH) Karel Hort to third
|
|
Batting: RHB Dan Allred
|
0-0: Called Strike 0-1: Swinging Strike 0-2: Fly out, F9 (Flyball, 9S, EV 94.4 MPH)
|
| Bottom of the 5th over - 0 runs, 1 hit, 0 errors, 1 left on base; Augusta 8 - Wisconsin 2 |
| TOP OF THE 6TH |
|
Augusta GreenJackets batting - Pitching for Wisconsin Timber Rattlers : RHP Jay Cowgill
|
|
Batting: RHB Mario Gomez
|
0-0: Hit by Pitch
|
|
Batting: RHB Ed Broomhead
|
0-0: Ball 1-0: SINGLE (Groundball, 34D, EV 94.4 MPH) Mario Gomez to second Runner from 2nd tries for 3rd, SAFE, throw by RF made to third
|
|
Batting: RHB Mario Mendoza
|
0-0: DOUBLE (Flyball, 8RD, EV 103.8 MPH) Mario Gomez scores Ed Broomhead to third
|
|
Batting: RHB Ryan Bentz
|
0-0: Called Strike 0-1: Ground out 6-3 (Groundball, 6S, EV 68.1 MPH) Ed Broomhead scores Mario Mendoza to third
|
|
Batting: RHB Billy Pranger
|
0-0: Ball 1-0: Foul Ball, location: 2F 1-1: Called Strike 1-2: Fly out, F2 (Popup, 13S, EV 88.8 MPH)
|
|
Batting: RHB Tony Harper
|
0-0: Ball 1-0: Ball 2-0: Swinging Strike 2-1: Ground out 6-3 (Groundball, 6, EV 78.1 MPH)
|
| Top of the 6th over - 2 runs, 2 hits, 0 errors, 1 left on base; Augusta 10 - Wisconsin 2 |
| BOTTOM OF THE 6TH |
|
Wisconsin Timber Rattlers batting - Pitching for Augusta GreenJackets : LHP Justin Tidwell
|
|
Pitching: RHP Wally Dethridge
|
|
|
Batting: RHB Jonathan Sarles
|
0-0: Ball 1-0: Ball 2-0: Foul Ball, location: 2F 2-1: Ball 3-1: SINGLE (Groundball, 4MD, EV 105.6 MPH)
|
|
Batting: RHB Michael Dickerson
|
0-0: Ball 1-0: DOUBLE (Flyball, 78D, EV 105.6 MPH) Jonathan Sarles to third
|
|
Batting: RHB Chris Maul
|
0-0: Fly out, F9 (Flyball, 9D, EV 84.4 MPH) Runner from 3rd tags up, SCORES, no throw by RF
|
|
Batting: SHB Robert Sayer
|
0-0: Ball 1-0: Ball 2-0: Ball 3-0: Base on Balls
|
|
Batting: SHB Justin Hensley
|
0-0: Ball 1-0: Swinging Strike 1-1: Ball 2-1: Foul Ball, location: 2F 2-2: Ball 3-2: Base on Balls Michael Dickerson to third Robert Sayer to second
|
|
Batting: LHB Karel Hort
|
0-0: Ball 1-0: Ball 2-0: Ball 3-0: Base on Balls Michael Dickerson scores Robert Sayer to third Justin Hensley to second
|
|
Batting: RHB Alfredo Sena
|
0-0: Ball 1-0: Foul Ball, location: 2F 1-1: SINGLE (Groundball, P, EV 81.9 MPH) (infield hit) Robert Sayer scores Justin Hensley to third Karel Hort to second
|
|
Batting: LHB Mark Backstrom
|
0-0: Ball 1-0: Swinging Strike 1-1: Fielders Choice at 2nd, 3-6 (Groundball, 3, EV 81.9 MPH) Justin Hensley scores Karel Hort to third
|
|
Batting: RHB Dan Allred
|
0-0: 3-RUN HOME RUN (Flyball, 7D, EV 98.8 MPH), Distance : 373 ft
|
|
Batting: RHB Jonathan Sarles
|
0-0: Called Strike 0-1: Ball 1-1: Foul Ball, location: 2F 1-2: SINGLE (Groundball, 34S, EV 87.5 MPH) (infield hit)
|
|
Pitching: RHP Kevin Spencer
|
|
|
Batting: RHB Michael Dickerson
|
0-0: Ball 1-0: Called Strike 1-1: Fielders Choice at 2nd, 6-4 (Groundball, 56, EV 103.8 MPH)
|
| Bottom of the 6th over - 7 runs, 5 hits, 0 errors, 1 left on base; Augusta 10 - Wisconsin 9 |
| TOP OF THE 7TH |
|
Augusta GreenJackets batting - Pitching for Wisconsin Timber Rattlers : RHP Jay Cowgill
|
|
Pitching: RHP Warren Swan
|
|
|
Batting: RHB Dave Perron
|
0-0: Called Strike 0-1: Foul Ball, location: 2F 0-2: Ball 1-2: Ball 2-2: Ball 3-2: Foul Ball, location: 2F 3-2: Base on Balls
|
|
Batting: RHB Ryan Roberts
|
0-0: Fly out, F5 (Line Drive, 5, EV 63.1 MPH)
|
|
Batting: RHB Josh Truell
|
0-0: Ball 1-0: Ball Wild Pitch! Dave Perron to second 2-0: Ground out 6-3 (Groundball, 6, EV 77.5 MPH) Dave Perron to third
|
|
Batting: RHB Mario Gomez
|
0-0: Ball 1-0: Ground out 6-3 (Groundball, 6, EV 95.0 MPH)
|
| Top of the 7th over - 0 runs, 0 hits, 0 errors, 1 left on base; Augusta 10 - Wisconsin 9 |
| BOTTOM OF THE 7TH |
|
Wisconsin Timber Rattlers batting - Pitching for Augusta GreenJackets : RHP Kevin Spencer
|
|
Batting: RHB Chris Maul
|
0-0: Called Strike 0-1: Ball 1-1: DOUBLE (Line Drive, 89M, EV 95.0 MPH)
|
|
Batting: SHB Robert Sayer
|
0-0: Called Strike 0-1: Ball 1-1: Swinging Strike 1-2: Foul Ball, location: 2F 1-2: Foul Ball, location: 2F 1-2: SINGLE (Groundball, 56, EV 106.2 MPH) Chris Maul to third
|
|
Batting: SHB Justin Hensley
|
0-0: Ball 1-0: Called Strike 1-1: Called Strike 1-2: Strikes out swinging
|
|
Batting: LHB Karel Hort
|
0-0: Ball 1-0: Ball 2-0: Called Strike 2-1: Ground out 4-3 (Groundball, 4, EV 103.8 MPH) Robert Sayer to second
|
|
Pitching: LHP Hector Jimenez
|
|
|
Batting: RHB Alfredo Sena
|
0-0: Ball 1-0: SINGLE (Groundball, 25, EV 69.4 MPH) (infield hit) Chris Maul scores Robert Sayer to third
|
|
Pinch Hitting: RHB Ryan Miller
|
0-0: Called Strike 0-1: Ball 1-1: Fly out, F6 (Popup, 4M, EV 75.0 MPH)
|
| Bottom of the 7th over - 1 run, 3 hits, 0 errors, 2 left on base; Augusta 10 - Wisconsin 10 |
| TOP OF THE 8TH |
|
Augusta GreenJackets batting - Pitching for Wisconsin Timber Rattlers : RHP Warren Swan
|
|
Now in RF: Tyler Francis
|
|
|
Batting: RHB Ed Broomhead
|
0-0: Ball 1-0: Ball 2-0: SINGLE (Groundball, 34D, EV 104.4 MPH)
|
|
Batting: RHB Mario Mendoza
|
0-0: Ball 1-0: Ball 2-0: Foul Ball, location: 2F 2-1: Foul Ball, location: 2F 2-2: Ball 3-2: DOUBLE (Line Drive, 78M, EV 91.2 MPH) Ed Broomhead to third
|
|
Batting: RHB Ryan Bentz
|
0-0: Ball 1-0: Ball 2-0: Fly out, F9 (Flyball, 9LM, EV 95.6 MPH)
|
|
Batting: RHB Billy Pranger
|
0-0: Called Strike 0-1: Ball 1-1: 3-RUN HOME RUN (Flyball, 7D, EV 100.6 MPH), Distance : 368 ft
|
|
Pitching: RHP Alberto Cordovi
|
|
|
Batting: RHB Tony Harper
|
0-0: Ball 1-0: Ball 2-0: Ball 3-0: Called Strike 3-1: Base on Balls
|
|
Batting: RHB Dave Perron
|
0-0: Called Strike 0-1: Called Strike 0-2: Strikes out swinging
|
|
Batting: RHB Ryan Roberts
|
0-0: Called Strike 0-1: Ball 1-1: Ball Tony Harper steals 2nd, throwing error, E2 Tony Harper to third 2-1: Foul Ball, location: 2F 2-2: Strikes out swinging
|
| Top of the 8th over - 3 runs, 3 hits, 1 error, 1 left on base; Augusta 13 - Wisconsin 10 |
| BOTTOM OF THE 8TH |
|
Wisconsin Timber Rattlers batting - Pitching for Augusta GreenJackets : LHP Hector Jimenez
|
|
Batting: RHB Dan Allred
|
0-0: Fly out, F9 (Flyball, 89S, EV 86.9 MPH)
|
|
Batting: RHB Jonathan Sarles
|
0-0: Ball 1-0: Foul Ball, location: 2F 1-1: Ball 2-1: Fly out, F8 (Flyball, 8RS, EV 95.0 MPH)
|
|
Batting: RHB Michael Dickerson
|
0-0: Ground out 5-3 (Groundball, 5, EV 83.8 MPH)
|
| Bottom of the 8th over - 0 runs, 0 hits, 0 errors, 0 left on base; Augusta 13 - Wisconsin 10 |
| TOP OF THE 9TH |
|
Augusta GreenJackets batting - Pitching for Wisconsin Timber Rattlers : RHP Alberto Cordovi
|
|
Batting: RHB Josh Truell
|
0-0: Swinging Strike 0-1: Ball 1-1: Ball 2-1: Ball 3-1: Foul Ball, location: 2F 3-2: Foul Ball, location: 2F 3-2: Foul Ball, location: 2F 3-2: Foul Ball, location: 2F 3-2: Foul Ball, location: 2F 3-2: Strikes out swinging
|
|
Batting: RHB Mario Gomez
|
0-0: Called Strike 0-1: Ball 1-1: Called Strike 1-2: SINGLE (Line Drive, 5D, EV 98.1 MPH)
|
|
Batting: RHB Ed Broomhead
|
0-0: Called Strike 0-1: Ball 1-1: Swinging Strike 1-2: Ball 2-2: Foul Ball, location: 2F 2-2: Strikes out looking
|
|
Batting: RHB Mario Mendoza
|
0-0: Ball 1-0: Ball 2-0: Called Strike 2-1: Ball 3-1: Swinging Strike 3-2: Strikes out swinging
|
| Top of the 9th over - 0 runs, 1 hit, 0 errors, 1 left on base; Augusta 13 - Wisconsin 10 |
| BOTTOM OF THE 9TH |
|
Wisconsin Timber Rattlers batting - Pitching for Augusta GreenJackets : LHP Hector Jimenez
|
|
Batting: RHB Chris Maul
|
0-0: Ball 1-0: SINGLE (Groundball, 56, EV 107.5 MPH)
|
|
Batting: SHB Robert Sayer
|
0-0: Called Strike 0-1: Foul Ball, location: 2F 0-2: Strikes out swinging
|
|
Batting: SHB Justin Hensley
|
0-0: Called Strike 0-1: Ball 1-1: Ball 2-1: Ball 3-1: Called Strike 3-2: SINGLE (Line Drive, 6D, EV 97.5 MPH) Chris Maul to second Chris Maul to third
|
|
Pitching: RHP Chance Robinson
|
|
|
Batting: LHB Karel Hort
|
0-0: Ball 1-0: Called Strike 1-1: Called Strike 1-2: SINGLE (Line Drive, 7S, EV 98.8 MPH) Chris Maul scores Justin Hensley to second
|
|
Batting: RHB Alfredo Sena
|
0-0: Called Strike 0-1: Foul Ball, location: 2F 0-2: Strikes out swinging
|
|
Batting: LHB Tyler Francis
|
0-0: Called Strike 0-1: Swinging Strike 0-2: Fly out, F6 (Popup, 6MD, EV 52.5 MPH)
|
| Bottom of the 9th over - 1 run, 3 hits, 0 errors, 2 left on base; Augusta 13 - Wisconsin 11 |
|